 Dungeon Crawl Stone Soup version 0.21-a0-265-gb353147 (console) character file.

1082 removed the Conjurer (level 7, -4/57 HPs)
             Began as a Demigod Venom Mage on Sept 10, 2017.
             Slain by Pikel
             ... wielding a +2 whip of electrocution
              (20 damage)
             ... on level 5 of the Dungeon.
             The game lasted 00:11:27 (6333 turns).

removed the Conjurer (Demigod Venom Mage)           Turns: 6333, Time: 00:11:28

Health: -4/57      AC:  6    Str: 11    XL:     7   Next: 81%
Magic:  4/16       EV: 12    Int: 23    God:
Gold:   205        SH:  0    Dex: 16    Spells: 10/14 levels left

rFire    . . .     SeeInvis +   a - +1 whip (venom)
rCold    . . .     Gourm    .   (no shield)
rNeg     . . .     Faith    .   n - +0 robe
rPois    +         Spirit   .   H - +0 helmet (curse)
rElec    .         Reflect  .   P - +1 cloak {rPois}
rCorr    .         Harm     .   E - +0 pair of gloves
MR       .....                  (no boots)
Stlth    ++........             (no amulet)
HPRegen  0.19/turn              K - ring of see invisible
MPRegen  0.15/turn              (no ring)

@: very slightly contaminated
A: high mp 1
a: no special abilities


You were on level 5 of the Dungeon.
You were hungry.

You visited 1 branch of the dungeon, and saw 5 of its levels.

You collected 205 gold pieces.

Inventory:

Hand Weapons
 a - a +1 whip of venom (weapon)
 d - a +0 club
 g - a +0 short sword
 R - a +0 war axe of flaming
Armour
 l - a +0 cloak
 n - a +0 robe (worn)
 B - the +1 leather armour of Absolutism {*Slow +Inv rElec rCorr}
   (You found it on level 4 of the Dungeon)

   It insulates you from electricity.
   It lets you turn invisible.
   It protects you from acid and corrosion.
   It may slow you when you take damage.
 E - a +0 pair of gloves (worn)
 H - a cursed +0 helmet (worn)
 P - a +1 cloak of poison resistance (worn)
Jewellery
 A - an uncursed ring of fire
 K - a ring of see invisible (left hand)
Wands
 D - a wand of lightning (0/15)
 L - a wand of disintegration (11/24)
 O - a wand of random effects (25/48)
 U - a wand of disintegration (11/24)
Scrolls
 s - a scroll of teleportation {unknown}
 v - 3 scrolls of remove curse {unknown}
 y - a scroll of amnesia {unknown}
 G - 4 scrolls of identify {unknown}
 M - a scroll of recharging {unknown}
 S - a scroll of enchant armour {unknown}
 T - a scroll of enchant weapon {unknown}
Potions
 h - 5 potions of curing {unknown}
 i - a potion of degeneration {unknown}
 k - 2 potions of agility {unknown}
 o - 2 potions of lignification {unknown}
 q - a potion of haste
 t - a potion of heal wounds {unknown}
 w - a potion of ambrosia {unknown}
 J - a potion of brilliance {unknown}
Books
 b - a Young Poisoner's Handbook

   Spells                             Type                      Level
   a - Sting                          Conjuration/Poison           1
   b - Poisonous Vapours              Poison/Air                   2
   c - Mephitic Cloud                 Conjuration/Poison/Air       3
   d - Olgreb's Toxic Radiance        Poison                       4
   e - Venom Bolt                     Conjuration/Poison           5
 z - a book of Cantrips

   Spells                             Type                      Level
   a - Confusing Touch                Hexes                        1
   b - Animate Skeleton               Necromancy                   1
   c - Summon Small Mammal            Summoning                    1
   d - Apportation                    Translocation                1
Comestibles
 c - 2 bread rations
 m - 3 meat rations
 r - 3 fruits
 u - 2 royal jellies


   Skills:
 - Level 3.4 Fighting
 + Level 1.7 Dodging
 - Level 1.7 Stealth
 - Level 4.0 Spellcasting
 - Level 6.0 Conjurations
 - Level 4.0 Poison Magic


You had 10 spell levels left.
You knew the following spells:

 Your Spells              Type           Power        Failure   Level  Hunger
a - Sting                 Conj/Pois      ####         1%          1    None
m - Mephitic Cloud        Conj/Pois/Air  ###.....     8%          3    ##.....


Dungeon Overview and Level Annotations

Branches:
Dungeon (5/15)
 Temple: D:4-7

Annotations:
D:5 exclusion: quasit, Pikel


Innate Abilities, Weirdness & Mutations

You have an increased reservoir of magic. (+10% MP)


Message History

Okay, then.
Casting: Sting
Confirm with . or Enter, or press ? or * to list all spells.
Aiming: Mephitic Cloud
Press: ? - help, Shift-Dir - straight line, f/p - Pikel
Aim: Pikel, wielding a whip of electrocution, wearing a robe and carrying a wand of lightning (?/15) {zapped: 2} (severely wounded)
The ball explodes into a vile cloud!
The stinking cloud engulfs Pikel.
Pikel is severely wounded.
The stinking cloud engulfs the slave.
The slave is severely wounded.
Pikel is engulfed in noxious fumes.
Pikel barely misses you.
Unknown command.
You barely miss Pikel.
Pikel is severely wounded.
The slave is engulfed in noxious fumes.
The slave hits itself.
The slave hits the slave.
Pikel hits you with a whip of electrocution!
* * * LOW HITPOINT WARNING * * *
You are electrocuted!
You die...

###.####..#
.............#
#.####.####..# #.#
#.......# #.#
##.####[# #.#
##.....## # #.#
#<[....#
#.###ยง##>####.######
#.pp[K@......#
#.###.#.....### #
#....## #......#
#........# ####...##.
##.## .# .#


You could see Pikel and 2 slaves.

Vanquished Creatures
  A sky beast (D:5)
  A slave (D:5)
  An ogre (D:4)
  2 centaurs
  3 hounds
  Crazy Yiuf (D:4)
  A jelly (D:5)
  6 orc wizards
  2 bullfrog skeletons (D:5)
  Ijyb (D:5)
  3 worker ants
  Natasha (thrice) (D:2)
  A hound skeleton (D:4)
  4 gnolls (D:5)
  4 adders
  A shadow imp (D:5)
  An ooze (D:4)
  An adder skeleton (D:5)
  A worm (D:4)
  3 leopard geckos
  12 orcs
  5 giant cockroaches
  7 goblins
  6 hobgoblins
  10 jackals
  4 quokkas
  2 ball pythons
  9 bats
  2 frilled lizards
  A giant cockroach zombie (D:5)
  7 kobolds
  A quokka zombie (D:5)
  4 rats (D:1)
111 creatures vanquished.

Notes
Turn   | Place    | Note
-------+----------+-------------------------------------------
     0 | D:1      | removed the Demigod Venom Mage began the quest for the Orb.
     0 | D:1      | Reached XP level 1. HP: 14/14 MP: 5/5
    31 | D:1      | Reached skill level 1 in Conjurations
   425 | D:1      | Reached skill level 2 in Conjurations
   425 | D:1      | Reached XP level 2. HP: 20/20 MP: 0/7
  1186 | D:2      | Noticed Natasha
  1418 | D:2      | Reached XP level 3. HP: 26/26 MP: 5/8
  2184 | D:2      | Killed Natasha
  2184 | D:2      | Reached skill level 3 in Conjurations
  2351 | D:2      | Noticed Natasha
  2355 | D:2      | Killed Natasha
  2355 | D:2      | Reached XP level 4. HP: 33/33 MP: 4/9
  2430 | D:2      | Noticed Natasha
  2435 | D:2      | Killed Natasha
  2764 | D:3      | Reached skill level 4 in Conjurations
  2764 | D:3      | Reached XP level 5. HP: 38/38 MP: 5/10
  3003 | D:3      | Found a radiant altar of Vehumet.
  3247 | D:4      | Learned a level 3 spell: Mephitic Cloud
  3345 | D:4      | Got a scorched leather armour
  3356 | D:4      | Identified the +1 leather armour of Absolutism {*Slow +Inv rElec rCorr} (You found it on level 4 of the Dungeon)
  3465 | D:4      | Noticed a centaur
  3482 | D:4      | Killed a centaur
  3482 | D:4      | Reached skill level 5 in Conjurations
  3482 | D:4      | Reached XP level 6. HP: 12/45 MP: 0/11
  4079 | D:4      | Found a runed door.
  4625 | D:4      | Noticed an angel
  4626 | D:4      | Found a shimmering altar of Xom.
  4627 | D:4      | Found a glowing silver altar of Zin.
  4877 | D:4      | Reached skill level 6 in Conjurations
  5041 | D:4      | Noticed Crazy Yiuf
  5044 | D:4      | Killed Crazy Yiuf
  5044 | D:4      | Reached XP level 7. HP: 50/50 MP: 12/14
  5211 | D:5      | Entered Level 5 of the Dungeon
  5689 | D:5      | Reached skill level 1 in Fighting
  6069 | D:5      | Noticed Ijyb
  6074 | D:5      | Killed Ijyb
  6314 | D:5      | Noticed Pikel
  6333 | D:5      | Slain by Pikel

Vault maps used:
D:1:      dpeg_arrival_rhombi
D:2:      uniq_natasha
D:3:      nicolae_overflow_crystal_walls
D:4:      grunt_temple_overflow_order_and_chaos_1, first_bread, minmay_unequal,
          uniq_crazy_yiuf_cottage
D:5:      minmay_overflow_temple_star_quad, uniq_pikel, uniq_ijyb,
          uniq_prince_ribbit1

Skill      XL: |  1  2  3  4  5  6  7 |
---------------+----------------------+-----
Conjurations   | 2 3 4 5 6 |  6.0
Poison Magic   | 3 4 |  4.0
Spellcasting   | 2 4 |  4.0
Fighting       | 3 |  3.4
Dodging        | |  1.7
Stealth        | |  1.7

Action                   |  1- 3 |  4- 6 |  7- 9 || total
-------------------------+-------+-------+-------++-------
Melee: Whip              |     4 |    32 |    68 ||   104
 Cast: Sting             |    95 |   115 |    78 ||   288
       Mephitic Cloud    |       |     3 |     4 ||     7
Evoke: Wand              |       |     2 |     2 ||     4
 Stab: Confused          |       |     1 |       ||     1
       Sleeping          |       |       |     1 ||     1
  Eat: Chunk             |     6 |    10 |     3 ||    19
Armor: Robe              |    15 |     9 |    27 ||    51
Dodge: Dodged            |    30 |    29 |    50 ||   109

Table legend:
 A = Spawn XP
 B = Non-spawn XP
 C = Spawn XP percentage of total XP
 D = Spawn monster count
 E = Non-spawn monster count
 F = Spawn count percentage of total count
 G = Total turns spent on level
                    A         B        C        D         E        F      G
               +---------+---------+-------+---------+---------+-------+---------
         Total |       0 |    1546 |   0.0 |       0 |     110 |   0.0 |  6333
               +---------+---------+-------+---------+---------+-------+---------
           D:1 |       0 |      29 |   0.0 |       0 |      20 |   0.0 |  1159
           D:2 |       0 |     146 |   0.0 |       0 |      26 |   0.0 |  1322
           D:3 |       0 |     115 |   0.0 |       0 |      12 |   0.0 |   715
           D:4 |       0 |     605 |   0.0 |       0 |      23 |   0.0 |  2015
           D:5 |       0 |     651 |   0.0 |       0 |      29 |   0.0 |  1122
               +---------+---------+-------+---------+---------+-------+---------
